Map: Backwater LE

Players

Solar - Winner!

  • Race: Zerg Zerg
  • Spawn Location: 5:00

INnoVation

  • Race: Terran Terran
  • Spawn Location: 11:00

Event: IEM Season 12 - Katowice

VOD

Have the link to the VOD?

Description

Time

  • Played on: March 1, 2018, 11:55 a.m.
  • Length: 15:30

All games in this series

Show
View Real Time Build Order
Export as new Build Order

Solar Zerg - Winner!

Build Orders: Hatch First, Muta Ling Bane 

Get SALT Encoding   

  12  0:01  Drone  
  13  0:12  Overlord  
  13  0:17  Drone  
  14  0:31  Drone x2  
  14  0:34  Drone  
  17  0:51  Hatchery  
  17  0:54  Drone  
  17  0:59  Drone  
  18  1:11  Spawning Pool  
  18  1:15  Drone  
  18  1:21  Drone  
  19  1:38  Hatchery  
  18  1:40  Drone  
  18  1:45  Drone  
  20  1:58  Queen  
  22  2:02  Queen  
  22  2:04  Zergling x2  
  22  2:06  Zergling x2  
  26  2:12  Overlord  
  26  2:18  Drone  
  26  2:19  Drone  
  28  2:31  Drone x2  
  28  2:34  Drone  
  28  2:36  Drone  
  32  2:38  Queen  
  34  2:46  Drone x2  
  36  2:52  Drone, Queen  
  36  2:54  Overlord  
  36  2:56  Drone  
  40  3:01  Drone  
  41  3:06  Drone  
  41  3:08  Overlord  
  42  3:14  Spore Crawler, Drone  
  42  3:15  Spore Crawler  
  42  3:16  Drone x2  
  42  3:18  Drone  
  44  3:21  Extractor  
  44  3:22  Drone x2, Extractor  
  44  3:24  Drone  
  44  3:26  Queen  
  49  3:29  Overlord  
  49  3:33  Drone  
  50  3:35  Drone  
  50  3:40  Drone  
  52  3:43  Drone x4  
  52  3:45  Drone  
  57  3:48  Overlord  
  57  3:49  Drone  
  57  3:50  Drone  
  57  3:53  Overlord  
  57  3:54  Drone  
  60  3:56  Drone  
  61  4:04  Overlord  
  61  4:07  Evolution Chamber  
  61  4:08  Evolution Chamber, Queen  
  61  4:11  Drone  
  61  4:12  Drone, Metabolic Boost  
  61  4:16  Drone x2  
  65  4:18  Drone  
  65  4:19  Drone  
  65  4:23  Spore Crawler  
  66  4:27  Zergling x6  
  66  4:28  Spore Crawler  
  66  4:29  Zergling x2  
  69  4:37  Zergling x4  
  69  4:45  Drone  
  67  4:46  Drone x8  
  67  4:52  Drone  
  70  4:58  Drone x2  
  70  4:59  Drone  
  73  5:00  Zerg Ground Armor Level 1  
  73  5:02  Zerg Melee Weapons Level 1  
  73  5:05  Drone  
  73  5:06  Drone x2  
  76  5:14  Lair  
  76  5:15  Drone x2, Extractor  
  76  5:16  Extractor  
  76  5:18  Drone  
  75  5:25  Drone, Overlord  
  75  5:26  Drone x2  
  75  5:27  Drone, Baneling Nest  
  75  5:28  Drone  
  79  5:29  Drone  
  79  5:30  Drone  
  79  5:32  Drone  
  81  5:39  Hatchery  
  81  5:42  Drone  
  81  5:45  Drone  
  81  5:46  Drone x3  
  81  5:48  Extractor x2  
  83  5:50  Drone x2  
  83  5:52  Overlord  
  83  5:53  Overlord  
  83  5:55  Zergling x4  
  87  5:58  Zergling x2  
  87  5:59  Zergling x2  
  89  6:05  Overlord  
  89  6:08  Overlord  
  89  6:09  Overlord  
  89  6:14  Zergling x4  
  89  6:15  Zergling x6  
  94  6:19  Centrifical Hooks  
  94  6:21  Drone  
  95  6:27  Zergling x4, Spire  
  95  6:28  Overseer  
  95  6:30  Baneling x4  
  95  6:31  Baneling x5  
  96  6:33  Pneumatized Carapace  
  96  6:38  Drone x2  
  96  6:39  Zergling x10  
  103  6:42  Zergling x6  
  103  6:44  Zergling x2  
  103  6:45  Zergling x2  
  103  6:46  Zergling x2  
  108  6:50  Baneling  
  108  6:51  Queen  
  108  6:53  Zergling x2  
  108  6:54  Zergling x4  
  113  6:55  Overlord  
  113  6:59  Zerg Ground Armor Level 2  
  113  7:03  Drone x2  
  114  7:08  Zergling x2  
  114  7:09  Zergling x12  
  114  7:12  Drone x2  
  114  7:13  Drone  
  124  7:15  Zerg Melee Weapons Level 2  
  124  7:19  Overlord  
  124  7:20  Drone x3  
  124  7:21  Extractor  
  124  7:33  Drone x2  
  124  7:35  Baneling x4  
  124  7:36  Zergling x2  
  129  7:37  Zergling x18  
  129  7:40  Overlord  
  129  7:42  Overlord  
  136  7:58  Mutalisk x8  
  138  8:03  Mutalisk x2  
  154  8:08  Mutalisk  
  154  8:09  Drone  
  154  8:10  Spore Crawler  
  154  8:11  Drone x3  
  154  8:12  Zergling x2  
  160  8:13  Zergling x8  
  160  8:17  Mutalisk  
  163  8:22  Zerg Flyer Weapons Level 1  
  163  8:23  Overlord  
  163  8:26  Baneling x3  
  163  8:30  Overlord  
  163  8:31  Mutalisk  
  163  8:32  Drone  
  164  8:36  Zergling x14  
  164  8:38  Overlord  
  168  8:41  Infestation Pit  
  168  8:43  Hatchery  
  166  8:49  Overlord, Baneling x10  
  166  8:51  Zergling x4  
  168  9:01  Zergling x6  
  168  9:02  Zergling x14  
  175  9:11  Drone x2  
  175  9:16  Zergling x6  
  175  9:17  Zergling x14  
  186  9:22  Zergling x2  
  186  9:23  Zergling x12  
  192  9:26  Baneling x17  
  192  9:33  Baneling  
  192  9:36  Baneling x12  
  192  9:37  Hive  
  192  9:42  Zergling x12  
  192  9:44  Zergling x2  
  192  9:45  Zergling x2  
  199  9:49  Extractor  
  198  9:59  Drone  
  199  10:03  Baneling  
  199  10:04  Baneling x15  
  199  10:08  Baneling x10  
  164  10:47  Zergling x18  
  164  10:48  Zergling x34  
  150  10:51  Adrenal Glands  
  150  10:52  Greater Spire  
  150  10:54  Zergling x6  
  153  10:59  Zerg Ground Armor Level 3, Zerg Melee Weapons Level 3  
  153  11:00  Zergling x8  
  153  11:01  Baneling  
  153  11:02  Baneling x6  
  157  11:06  Zergling x2  
  157  11:07  Zergling x6  
  157  11:09  Zergling x16  
  169  11:13  Zergling x2  
  169  11:14  Zergling x2  
  169  11:15  Hatchery  
  170  11:18  Corruptor  
  170  11:19  Corruptor  
  170  11:23  Corruptor x3  
  180  11:28  Corruptor x2  
  180  11:32  Corruptor  
  184  11:35  Drone x4  
  184  11:36  Extractor  
  188  12:03  Drone x4  
  191  12:08  Extractor  
  191  12:09  Brood Lord x4  
  191  12:10  Zerg Flyer Weapons Level 2  
  198  12:17  Brood Lord  
  199  12:25  Spore Crawler, Brood Lord, Hatchery  
  199  12:26  Spore Crawler  
  196  12:32  Brood Lord  
  196  12:35  Brood Lord  
  191  12:38  Baneling  
  191  12:39  Baneling x3  
  191  12:40  Zergling x18  
  191  12:41  Overseer  
  191  12:42  Baneling x2  
  191  12:43  Baneling  
  200  12:49  Baneling x7  
  200  12:51  Overseer  
  200  12:57  Baneling  
  200  12:58  Baneling x6  
  200  13:03  Baneling  
  200  13:04  Baneling x6  
  198  13:20  Overseer x2  
  198  13:28  Baneling x4  
  198  13:32  Baneling x5  
  197  13:50  Zergling x16  
  197  13:52  Zergling x6  
  197  13:54  Zergling x2  
  193  13:59  Zergling x2  
  193  14:00  Zergling x4  
  196  14:03  Zergling x2  
  196  14:06  Zergling x4  
  170  14:26  Zergling x12  
  170  14:27  Zergling x18  
  170  14:28  Zergling x12  
  170  14:29  Zergling x10  
  170  14:30  Zergling x4  
  170  14:31  Zergling x4  
  191  14:37  Zergling x6  
  190  14:40  Baneling  
  190  14:41  Baneling, Overseer  
  190  14:42  Baneling x23  
  190  14:44  Zergling x10  
  195  14:50  Baneling  
  195  14:51  Baneling x9  
  195  14:52  Zergling x8  
  199  14:56  Overlord  
  199  14:57  Overlord  
  199  15:00  Baneling x2  
  199  15:01  Baneling x2  
  199  15:04  Ultralisk Cavern, Zergling x2  
  199  15:05  Zergling x8  
Show
View Real Time Build Order
Export as new Build Order

INnoVation Terran 

Build Orders: Liberator Opening, Reaper Expand, Bio Tank 

Get SALT Encoding   

  12  0:00  SCV  
  13  0:12  SCV  
  14  0:17  Supply Depot  
  14  0:24  SCV  
  15  0:38  SCV  
  15  0:40  Barracks  
  16  0:44  Refinery  
  16  0:50  SCV  
  17  1:03  SCV  
  18  1:15  SCV  
  19  1:27  Reaper, Orbital Command  
  20  1:39  Command Center  
  20  1:51  Supply Depot  
  20  1:52  SCV  
  21  1:58  Marine  
  22  2:04  SCV  
  22  2:07  Factory  
  23  2:11  Refinery  
  23  2:16  SCV  
  23  2:21  Barracks Reactor  
  24  2:29  SCV  
  25  2:41  SCV  
  26  2:51  Orbital Command  
  26  2:52  Starport  
  26  2:53  SCV  
  27  3:00  Hellion x2  
  27  3:04  Barracks Tech Lab  
  27  3:05  SCV  
  32  3:07  Supply Depot  
  32  3:18  SCV x2  
  34  3:21  Hellion x2  
  38  3:28  Medivac  
  38  3:30  SCV x2  
  38  3:33  Supply Depot  
  42  3:39  Stimpack  
  42  3:42  Liberator  
  42  3:43  SCV x2  
  46  3:48  Hellion  
  46  3:49  Hellion  
  46  3:55  SCV x2  
  53  4:07  SCV x2  
  55  4:15  Command Center  
  55  4:20  SCV x2  
  57  4:25  Factory Tech Lab  
  57  4:27  Supply Depot  
  57  4:32  SCV  
  57  4:33  SCV  
  57  4:35  Barracks  
  57  4:38  Barracks  
  59  4:40  Marine  
  60  4:48  Starport Reactor  
  51  4:52  SCV  
  51  4:53  SCV  
  51  4:56  Engineering Bay, Refinery  
  51  4:57  Marine, Engineering Bay, Refinery  
  56  5:00  Siege Tank  
  56  5:05  SCV  
  56  5:06  Supply Depot, SCV  
  58  5:15  Marine  
  58  5:17  SCV  
  58  5:18  SCV  
  61  5:24  Terran Infantry Armor Level 1, Terran Infantry Weapons Level 1  
  61  5:28  Orbital Command  
  61  5:30  Marine x2  
  61  5:33  Marine x2  
  61  5:34  Starport Reactor, SCV x2  
  66  5:43  Supply Depot, Marine  
  66  5:44  Siege Tank  
  66  5:45  Combat Shields  
  66  5:46  SCV x2  
  72  5:51  Marine x3  
  72  5:52  Marine  
  72  5:55  SCV  
  77  5:58  SCV x2  
  77  5:59  Supply Depot  
  77  6:01  Marine  
  80  6:08  SCV  
  80  6:10  SCV x2, Medivac  
  80  6:11  Medivac  
  87  6:12  Barracks  
  87  6:16  Barracks  
  87  6:21  Supply Depot, SCV  
  87  6:22  SCV x2  
  90  6:26  Siege Tank  
  90  6:29  Refinery  
  90  6:30  Refinery, Armory  
  93  6:33  SCV  
  93  6:34  SCV x2  
  93  6:37  Supply Depot  
  93  6:38  Marine x4  
  93  6:39  Marine  
  101  6:46  SCV x3  
  104  6:48  Supply Depot  
  104  6:54  Medivac x2  
  104  6:56  Marine x4  
  104  6:57  Marine  
  104  6:58  Siege Tank  
  104  7:00  Supply Depot  
  104  7:01  SCV x2  
  117  7:03  SCV  
  117  7:15  SCV x2  
  120  7:16  Barracks Reactor x2, Marine x4  
  120  7:17  Marine  
  120  7:22  Command Center  
  124  7:25  Supply Depot  
  124  7:27  Terran Infantry Weapons Level 2  
  124  7:29  Terran Infantry Armor Level 2  
  124  7:36  Siege Tank  
  127  7:38  Terran Vehicle And Ship Armor Level 1  
  127  7:42  Bunker, Marine x2  
  127  7:43  Marine x3  
  132  7:46  SCV x2  
  132  7:47  SCV  
  132  7:48  Factory  
  135  7:59  Medivac  
  135  8:00  Medivac  
  135  8:04  Marine  
  140  8:08  Siege Tank  
  140  8:11  Supply Depot  
  143  8:13  Supply Depot  
  143  8:15  SCV  
  143  8:16  SCV x2  
  143  8:17  Supply Depot x2  
  141  8:26  Marine x5, Marauder  
  147  8:27  SCV  
  147  8:28  SCV  
  147  8:32  Factory Tech Lab  
  147  8:33  SCV  
  150  8:34  Missile Turret x2  
  150  8:35  Missile Turret  
  150  8:36  Barracks  
  135  8:42  Thor  
  135  8:48  Orbital Command  
  141  8:49  Barracks  
  141  8:53  Barracks  
  141  8:59  SCV x2  
  141  9:00  SCV  
  144  9:04  Missile Turret  
  144  9:05  Siege Tank  
  144  9:06  Marine  
  144  9:07  Marine x6, Marauder  
  154  9:12  Refinery  
  154  9:13  Medivac, Refinery  
  154  9:14  Medivac  
  158  9:23  Marine  
  158  9:24  Marine  
  158  9:25  Marine  
  158  9:27  Ghost Academy  
  158  9:28  Marauder  
  158  9:29  Barracks Tech Lab  
  161  9:43  Command Center x2, Barracks Tech Lab  
  161  9:44  Barracks Tech Lab  
  161  9:49  Concussive Shells  
  161  9:50  Siege Tank  
  161  9:51  Medivac x2  
  171  9:53  Marine x5  
  171  9:54  Marauder  
  171  9:59  Terran Infantry Weapons Level 3  
  177  10:02  Terran Infantry Armor Level 3  
  177  10:04  Terran Vehicle And Ship Armor Level 2  
  174  10:09  Missile Turret  
  174  10:20  Siege Tank  
  174  10:21  Marauder x4  
  185  10:22  Siege Tank, Marine x2  
  190  10:42  Marauder x2  
  188  10:43  Marauder  
  188  10:48  Marine x8  
  188  10:49  Unknown x4  
  176  10:55  Siege Tank  
  179  10:59  Barracks  
  179  11:04  Marauder x3  
  185  11:06  Marine x2  
  185  11:10  Planetary Fortress  
  187  11:14  Personal Cloaking  
  187  11:17  Marine x2  
  187  11:18  Siege Tank, Marine x2  
  191  11:25  Marauder x2  
  198  11:35  Command Center  
  198  11:37  Planetary Fortress  
  198  11:45  Ghost Academy  
  198  11:47  Ghost  
  198  11:49  Barracks Tech Lab  
  198  11:50  Ghost Academy  
  198  11:52  Ghost Academy  
  200  11:55  Barracks  
  200  11:56  Barracks  
  200  12:11  Sensor Tower  
  200  12:21  Nuke x2  
  200  12:26  Siege Tank  
  200  12:30  Unknown  
  195  12:39  Nuke  
  195  12:41  Terran Vehicle And Ship Armor Level 3, Building Armor, Hi-Sec Auto Tracking  
  195  12:42  Ghost x2, Barracks Tech Lab  
  195  12:43  Barracks Tech Lab  
  199  12:53  Refinery  
  199  12:55  Refinery  
  199  12:56  Orbital Command  
  199  13:01  Ghost  
  199  13:02  Missile Turret  
  199  13:03  Command Center  
  198  13:06  Command Center x2  
  193  13:24  Ghost  
  193  13:25  Ghost x2  
  195  13:37  Ghost  
  195  13:38  Ghost x2  
  192  13:53  Ghost x3  
  187  13:58  Marine  
  187  13:59  Marine  
  187  14:02  Viking x2  
  182  14:05  Marine x6  
  182  14:06  Ghost x3  
  192  14:16  Marine  
  185  14:21  Ghost  
  136  14:31  Marine x2, Marauder x2  
  136  14:34  Marine, Medivac x2  
  136  14:35  Marine x7, Marauder  
  150  14:46  SCV  
  150  14:47  SCV x3  
  150  14:48  Unknown x7  
  150  14:49  Marine x2  
  150  14:50  Ghost  
  150  14:52  Ghost x2  
  160  14:53  Marauder  
  164  15:10  Marine x8  

Tags
 
Add a new tag
Caveats
  • Supply blocks, unpowered buildings, or Contaminate may cause inaccurate times.
  • Supply counts are checked every 10 seconds.